3L
CHICAGO HAWKS @ HOUSTON 1837 BBC
07/28/2028
 
TOP OF THE 1ST
Chicago Hawks batting - Pitching for Houston 1837 BBC : LHP Alexis Zambaco
Pitching: LHP Alexis Zambaco
Batting: RHB Luis Rodríguez 0-0: Ball
1-0: Ball
2-0: Ball
3-0: Base on Balls
Batting: RHB Enrique Pérez 0-0: Ball
1-0: Called Strike
1-1: Foul Ball, location: 2F
1-2: Ball
2-2: Ball
3-2: Ground out 5-3 (Groundball, 56S)
Luis Rodríguez to second
Batting: LHB Scott Janousek 0-0: Ground out 1-3 (Groundball, 13S)
Luis Rodríguez to third
Batting: RHB Kumanosuke Asano 0-0: Ball
1-0: Ball
2-0: Ball
3-0: Called Strike
3-1: DOUBLE (Flyball, 8LD)
Luis Rodríguez scores
Batting: LHB Álex Burgos 0-0: Ball
1-0: Called Strike
1-1: Foul Ball, location: 2F
1-2: Foul Ball, location: 2F
1-2: Ball
2-2: SINGLE (Line Drive, 7S)
Kumanosuke Asano to third
Runner from 3rd tries for Home, SAFE, no throw
Batting: RHB Dave Henderson 0-0: Swinging Strike
0-1: Swinging Strike
0-2: Ball
1-2: Ball
2-2: Foul Ball, location: 2F
2-2: Ball
3-2: Strikes out swinging, 2-3 out at first.
Top of the 1st over - 2 run(s), 2 hit(s), 0 error(s), 1 left on base; Chicago 2 - Houston 0
BOTTOM OF THE 1ST
Houston 1837 BBC batting - Pitching for Chicago Hawks : RHP Santiago Maes
Pitching: RHP Santiago Maes
Batting: RHB Kumanosuke Abe 0-0: Called Strike
0-1: Ball
1-1: Ball
2-1: Ground out 4-3 (Groundball, 34)
Batting: LHB Scott Kerin 0-0: Foul Ball, location: 2F
0-1: Called Strike
0-2: Ball
1-2: Ball
2-2: Strikes out looking
Batting: LHB José Marín 0-0: Called Strike
0-1: Swinging Strike
0-2: Ground out U3 (Groundball, 3S)
Bottom of the 1st over - 0 run(s), 0 hit(s), 0 error(s), 0 left on base; Chicago 2 - Houston 0
TOP OF THE 2ND
Chicago Hawks batting - Pitching for Houston 1837 BBC : LHP Alexis Zambaco
Batting: LHB Albert González 0-0: Called Strike
0-1: Swinging Strike
0-2: Strikes out looking
Batting: RHB Mike Green 0-0: Ball
1-0: Called Strike
1-1: SOLO HOME RUN (Flyball, 7LD), Distance : 377 ft
Batting: SHB Evan Adams 0-0: Called Strike
0-1: Fly out, F9 (Flyball, 9LSF)
Batting: RHB Luis Rodríguez 0-0: Ball
1-0: Foul Ball, location: 2F
1-1: SINGLE (Line Drive, 6MD)
Batting: RHB Enrique Pérez 0-0: Ball
1-0: Ground out 5-3 (Groundball, 56)
Top of the 2nd over - 1 run(s), 2 hit(s), 0 error(s), 1 left on base; Chicago 3 - Houston 0
BOTTOM OF THE 2ND
Houston 1837 BBC batting - Pitching for Chicago Hawks : RHP Santiago Maes
Batting: RHB Bob Dickerson 0-0: Fly out, F9 (Flyball, 9S)
Batting: SHB Galtero Suárez 0-0: Ball
1-0: Called Strike
1-1: Called Strike
1-2: Ball
2-2: Ball
3-2: Strikes out swinging
Batting: LHB Guillermo Arellano 0-0: Called Strike
0-1: SINGLE (Line Drive, 89S)
Batting: SHB Jason Alexander 0-0: Ball
1-0: Fly out, F7 (Flyball, 7LM)
Bottom of the 2nd over - 0 run(s), 1 hit(s), 0 error(s), 1 left on base; Chicago 3 - Houston 0
TOP OF THE 3RD
Chicago Hawks batting - Pitching for Houston 1837 BBC : LHP Alexis Zambaco
Batting: LHB Scott Janousek 0-0: Ball
1-0: Ball
2-0: Ground out 6-3 (Groundball, 6)
Batting: RHB Kumanosuke Asano 0-0: Ground out 5-3 (Groundball, 56)
Batting: LHB Álex Burgos 0-0: Ball
1-0: Called Strike
1-1: Ball
2-1: Ball
3-1: Base on Balls
Batting: RHB Dave Henderson 0-0: Ground out 5-3 (Groundball, 56S)
Top of the 3rd over - 0 run(s), 0 hit(s), 0 error(s), 1 left on base; Chicago 3 - Houston 0
BOTTOM OF THE 3RD
Houston 1837 BBC batting - Pitching for Chicago Hawks : RHP Santiago Maes
Batting: RHB Jeremy Boyter 0-0: Ball
1-0: Ball
2-0: Called Strike
2-1: Fly out, F8 (Flyball, 8RM)
Batting: LHB Mark McClear 0-0: Ball
1-0: Ball
2-0: Called Strike
2-1: DOUBLE (Groundball, 3L)
Pinch Runner at 2nd David Gómez:
Batting: RHB Kumanosuke Abe 0-0: Foul Ball, location: 2F
0-1: Fly out, F3 (Popup, 3S)
Batting: LHB Scott Kerin 0-0: SINGLE (Line Drive, 7S)
David Gómez to third
Runner from 3rd tries for Home, SAFE, no throw
Batting: LHB José Marín 0-0: Ground out U3 (Groundball, 3)
Bottom of the 3rd over - 1 run(s), 2 hit(s), 0 error(s), 1 left on base; Chicago 3 - Houston 1
TOP OF THE 4TH
Chicago Hawks batting - Pitching for Houston 1837 BBC : LHP Alexis Zambaco
Now at 3B: David Gómez
Batting: LHB Albert González 0-0: Ball
1-0: Foul Ball, location: 2F
1-1: Called Strike
1-2: Ground out 6-3 (Groundball, 6)
Batting: RHB Mike Green 0-0: Ball
1-0: Called Strike
1-1: Ball
2-1: Ball
3-1: Foul Ball, location: 2F
3-2: Foul Ball, location: 2F
3-2: Strikes out swinging
Batting: SHB Evan Adams 0-0: Foul Ball, location: 2F
0-1: Swinging Strike
0-2: Ball
1-2: Ground out 5-3 (Groundball, 56)
Top of the 4th over - 0 run(s), 0 hit(s), 0 error(s), 0 left on base; Chicago 3 - Houston 1
BOTTOM OF THE 4TH
Houston 1837 BBC batting - Pitching for Chicago Hawks : RHP Santiago Maes
Batting: RHB Bob Dickerson 0-0: Called Strike
0-1: SOLO HOME RUN (Flyball, 89XD), Distance : 437 ft
Batting: SHB Galtero Suárez 0-0: Called Strike
0-1: Fly out, F7 (Line Drive, 78D)
Batting: LHB Guillermo Arellano 0-0: Swinging Strike
0-1: Ball
1-1: SINGLE (Flyball, 78S)
Batting: SHB Jason Alexander 0-0: Ball
1-0: Called Strike
1-1: Fly out, F9 (Flyball, 9LMF)
Batting: RHB Jeremy Boyter 0-0: Ball
1-0: Called Strike
1-1: Foul Ball, location: 2F
1-2: Ground out 5-3 (Groundball, 56S)
Bottom of the 4th over - 1 run(s), 2 hit(s), 0 error(s), 1 left on base; Chicago 3 - Houston 2
TOP OF THE 5TH
Chicago Hawks batting - Pitching for Houston 1837 BBC : LHP Alexis Zambaco
Batting: RHB Luis Rodríguez 0-0: Fly out, F4 (Popup, 3D)
Batting: RHB Enrique Pérez 0-0: Ball
1-0: Swinging Strike
1-1: SINGLE (Line Drive, 56D)
Batting: LHB Scott Janousek 0-0: Swinging Strike
0-1: Ball
1-1: Ball
2-1: Fielders Choice at 2nd, 4-6 (Groundball, 4)
Batting: RHB Kumanosuke Asano 0-0: Ball
1-0: Foul Ball, location: 2F
1-1: Ball
2-1: Foul Ball, location: 2F
2-2: DOUBLE (Flyball, 8RXD)
Scott Janousek to third
Runner from 3rd tries for Home, SAFE, no throw
Batting: LHB Álex Burgos 0-0: Called Strike
0-1: Ball
1-1: Ball
2-1: Called Strike
2-2: Strikes out looking
Top of the 5th over - 1 run(s), 2 hit(s), 0 error(s), 1 left on base; Chicago 4 - Houston 2
BOTTOM OF THE 5TH
Houston 1837 BBC batting - Pitching for Chicago Hawks : RHP Santiago Maes
Batting: RHB David Gómez 0-0: Foul Ball, location: 2F
0-1: Foul Ball, location: 2F
0-2: SINGLE (Groundball, 56) (infield hit)
Batting: RHB Kumanosuke Abe 0-0: Called Strike
0-1: Ball
1-1: Bunt missed!
1-2: Ball
2-2: Ball
3-2: Grounds into double play, 4-6-3 (Groundball, 4)
Batting: LHB Scott Kerin 0-0: Ball
1-0: Called Strike
1-1: Called Strike
1-2: Foul Ball, location: 2F
1-2: Fly out, F9 (Flyball, 89S)
Bottom of the 5th over - 0 run(s), 1 hit(s), 0 error(s), 0 left on base; Chicago 4 - Houston 2
TOP OF THE 6TH
Chicago Hawks batting - Pitching for Houston 1837 BBC : LHP Alexis Zambaco
Batting: RHB Dave Henderson 0-0: SINGLE (Flyball, 78S)
Batting: LHB Albert González 0-0: Called Strike
0-1: Sac Bunt - play at first, batter OUT! 2-3
Dave Henderson to second
Batting: RHB Mike Green 0-0: Called Strike
0-1: Swinging Strike
0-2: Ball
1-2: Foul Ball, location: 2F
1-2: Ball
Wild Pitch!
Dave Henderson to third
2-2: Fly out, F8 (Flyball, 8RD)
Runner from 3rd tags up, SCORES, no throw
Batting: SHB Evan Adams 0-0: Ball
1-0: SINGLE (Line Drive, 8RS)
Pitching: RHP Rodrigo Rangel
Batting: RHB Luis Rodríguez 0-0: Ball
1-0: Ball
2-0: Called Strike
2-1: Called Strike
2-2: Foul Ball, location: 2F
2-2: Ground out 5-3 (Groundball, 56S)
Top of the 6th over - 1 run(s), 2 hit(s), 0 error(s), 1 left on base; Chicago 5 - Houston 2
BOTTOM OF THE 6TH
Houston 1837 BBC batting - Pitching for Chicago Hawks : RHP Santiago Maes
Batting: LHB José Marín 0-0: Foul Ball, location: 2F
0-1: SINGLE (Line Drive, 8LS)
Batting: RHB Bob Dickerson 0-0: Ball
1-0: Foul Ball, location: 2F
1-1: Grounds into double play, 4-6-3 (Groundball, 4)
Batting: SHB Galtero Suárez 0-0: Called Strike
0-1: Ball
1-1: Swinging Strike
1-2: Strikes out swinging
Bottom of the 6th over - 0 run(s), 1 hit(s), 0 error(s), 0 left on base; Chicago 5 - Houston 2
TOP OF THE 7TH
Chicago Hawks batting - Pitching for Houston 1837 BBC : RHP Rodrigo Rangel
Batting: RHB Enrique Pérez 0-0: Ball
1-0: Ball
2-0: Called Strike
2-1: Foul Ball, location: 2F
2-2: Foul Ball, location: 2F
2-2: Foul Ball, location: 2F
2-2: Strikes out looking
Batting: LHB Scott Janousek 0-0: Called Strike
0-1: Swinging Strike
0-2: Ball
1-2: Strikes out looking
Batting: RHB Kumanosuke Asano 0-0: Ground out 5-3 (Groundball, 56S)
Top of the 7th over - 0 run(s), 0 hit(s), 0 error(s), 0 left on base; Chicago 5 - Houston 2
BOTTOM OF THE 7TH
Houston 1837 BBC batting - Pitching for Chicago Hawks : RHP Santiago Maes
Batting: LHB Guillermo Arellano 0-0: Ball
1-0: SINGLE (Line Drive, 8LS)
Batting: SHB Jason Alexander 0-0: Called Strike
0-1: Ball
1-1: Grounds into double play, 4-6-3 (Groundball, 4)
Batting: RHB Jeremy Boyter 0-0: Foul Ball, location: 2F
0-1: Swinging Strike
0-2: Ground out 5-3 (Groundball, 56)
Bottom of the 7th over - 0 run(s), 1 hit(s), 0 error(s), 0 left on base; Chicago 5 - Houston 2
TOP OF THE 8TH
Chicago Hawks batting - Pitching for Houston 1837 BBC : RHP Rodrigo Rangel
Batting: LHB Álex Burgos 0-0: Ball
1-0: Ball
2-0: Ball
3-0: Called Strike
3-1: SINGLE (Groundball, 34D)
Batting: RHB Dave Henderson 0-0: Reached on error, E1 (Groundball, 15)
Álex Burgos to third
Batting: LHB Albert González 0-0: Foul Ball, location: 2F
0-1: Called Strike
0-2: Ball
1-2: Foul Ball, location: 2F
1-2: Ball
2-2: Foul Ball, location: 2F
2-2: Ground out 4-3 (Groundball, 4)
Pitching: RHP Ash Wooden
Batting: RHB Mike Green 0-0: Ball
1-0: Swinging Strike
1-1: Ball
2-1: Foul Ball, location: 2F
2-2: SINGLE (Groundball, 56D)
Álex Burgos scores
Dave Henderson to third
Batting: SHB Evan Adams 0-0: Ball
1-0: Ball
2-0: SINGLE (Flyball, 8RS)
Dave Henderson scores
Mike Green to second
Batting: RHB Luis Rodríguez 0-0: Ball
1-0: Ball
2-0: Ball
3-0: Swinging Strike
3-1: Swinging Strike
3-2: Strikes out swinging
Batting: RHB Enrique Pérez 0-0: Ball
1-0: Ball
2-0: Called Strike
2-1: Swinging Strike
2-2: Foul Ball, location: 2F
2-2: Fly out, F7 (Line Drive, 7)
Top of the 8th over - 2 run(s), 3 hit(s), 1 error(s), 2 left on base; Chicago 7 - Houston 2
BOTTOM OF THE 8TH
Houston 1837 BBC batting - Pitching for Chicago Hawks : RHP Santiago Maes
Now at 3B: Lorenzo Sabastro
Batting: RHB David Gómez 0-0: Called Strike
0-1: Ground out 6-3 (Groundball, 6)
Batting: RHB Kumanosuke Abe 0-0: Ball
1-0: Ball
2-0: Ball
3-0: Called Strike
3-1: Called Strike
3-2: SINGLE (Flyball, 8LS)
Batting: LHB Scott Kerin 0-0: Ball
1-0: Called Strike
1-1: Foul Ball, location: 2F
1-2: SINGLE (Flyball, 78S)
Kumanosuke Abe to second
Batting: LHB José Marín 0-0: Called Strike
0-1: Fly out, F4 (Popup, 3D)
Batting: RHB Bob Dickerson 0-0: Ball
1-0: Swinging Strike
1-1: Foul Ball, location: 2F
1-2: Strikes out swinging
Bottom of the 8th over - 0 run(s), 2 hit(s), 0 error(s), 2 left on base; Chicago 7 - Houston 2
TOP OF THE 9TH
Chicago Hawks batting - Pitching for Houston 1837 BBC : RHP Ash Wooden
Batting: LHB Scott Janousek 0-0: Swinging Strike
0-1: Called Strike
0-2: Strikes out swinging
Batting: RHB Kumanosuke Asano 0-0: Ball
1-0: Ball
2-0: Called Strike
2-1: Ball
3-1: Base on Balls
Pitching: LHP Phil Miles
Batting: LHB Álex Burgos 0-0: Fly out, F8 (Flyball, 78D)
Batting: RHB Dave Henderson 0-0: Called Strike
0-1: Ball
1-1: Swinging Strike
1-2: Ground out 4-3 (Groundball, 4)
Top of the 9th over - 0 run(s), 0 hit(s), 0 error(s), 1 left on base; Chicago 7 - Houston 2
BOTTOM OF THE 9TH
Houston 1837 BBC batting - Pitching for Chicago Hawks : RHP Santiago Maes
Batting: SHB Galtero Suárez 0-0: Ball
1-0: Called Strike
1-1: Swinging Strike
1-2: Foul Ball, location: 2F
1-2: Foul Ball, location: 2F
1-2: Reached on error, E4 (Groundball, 4)
Pitching: RHP Mike Farrell
Batting: LHB Guillermo Arellano 0-0: Foul Ball, location: 2F
0-1: Foul Ball, location: 2F
0-2: Ball
1-2: Foul Ball, location: 2F
1-2: Strikes out looking
Batting: SHB Jason Alexander 0-0: Foul Ball, location: 2F
0-1: Called Strike
0-2: Foul Ball, location: 2F
0-2: Ball
1-2: Foul Ball, location: 2F
1-2: Foul Ball, location: 2F
1-2: Ball
2-2: Ball
3-2: Strikes out swinging
Batting: RHB Jeremy Boyter 0-0: Ball
1-0: Called Strike
1-1: Swinging Strike
1-2: Ball
2-2: Ground out 5-3 (Groundball, 56S)
Bottom of the 9th over - 0 run(s), 0 hit(s), 1 error(s), 1 left on base; Chicago 7 - Houston 2
Monday, August 21st, 2017 - OOTP Baseball 17.12 Build 75